 Dungeon Crawl Stone Soup version 0.14-a0-2100-g3cf34dd (webtiles) character file.

170 Kae the Firebug (level 3, 0/19 HPs)
             Began as a Tengu Fire Elementalist on Jan 26, 2014.
             Slain by Crazy Yiuf
             ... wielding a +3,+2 quarterstaff of chaos
              (5 damage)
             ... on Level 2 of the Dungeon.
             The game lasted 00:02:35 (1407 turns).

Kae the Firebug (Tengu Fire Elementalist)           Turns: 1407, Time: 00:02:35

HP   0/19        AC  2     Str  8      XL: 3   Next: 70%
MP   4/7         EV 12     Int 16      God:
Gold 123         SH  0     Dex 14      Spells:  2 memorised,  3 levels left

rFire  . . .     SeeInvis .     (no weapon)
rCold  . . .     Clarity  .     a - +0 robe
rNeg   . . .     Conserve .     (no shield)
rPois  .         rCorr    .     (helmet restricted)
rElec  .         rRot     .     (no cloak)
SustAb . .       Spirit   .     (no gloves)
rMut   .         Warding  .     (boots unavailable)
Saprov . . .     Stasis   .     (no amulet)
MR     .....                    (no ring)
                                (no ring)

@: very slightly contaminated, not resistant to hostile enchantments, fairly
stealthy
A: beak, talons 3
a: no special abilities


You were on level 2 of the Dungeon.
You were very hungry.

You visited 1 branch of the dungeon, and saw 2 of its levels.

You collected 123 gold pieces.

Inventory:

Armour
 a - a +0 robe (worn)
Comestibles
 c - a bread ration
 h - a cheese
Scrolls
 d - 4 scrolls of remove curse {unknown}
 i - a scroll of immolation {unknown}
 j - a scroll of identify {unknown}
 l - 2 scrolls of enchant armour {unknown}
 m - a scroll of teleportation {unknown}
 p - a scroll of blinking {unknown}
Jewellery
 n - a +1 ring of evasion {unknown}
Potions
 e - a potion of heal wounds {unknown}
 f - a potion of curing {unknown}
 g - a potion of beneficial mutation {unknown}
 k - a potion of agility {unknown}
 o - a potion of paralysis {unknown}
Books
 b - a book of Flames

   Spells                             Type                      Level
   *Flame Tongue                      Conjuration/Fire             1
   *Throw Flame                       Conjuration/Fire             2
   Conjure Flame                      Conjuration/Fire             3
   Inner Flame                        Hexes/Fire                   3
   Sticky Flame                       Conjuration/Fire             4
   Fireball                           Conjuration/Fire             5


   Skills:
 - Level 2.1 Dodging
 - Level 2.0 Stealth
 + Level 2.3 Spellcasting
 * Level 3.3 Conjurations
 * Level 3.9 Fire Magic


You had 3 spell levels left.
You knew the following spells:

 Your Spells              Type           Power        Failure   Level  Hunger
a - Flame Tongue          Conj/Fire      ##...        6%          1    #......
b - Throw Flame           Conj/Fire      ##....       10%         2    ##.....


Dungeon Overview and Level Annotations

Branches:
Dungeon (2/16)

Altars:

Annotations:
D:2 Crazy Yiuf, Sigmund


Innate Abilities, Weirdness & Mutations

You have a beak for a mouth.
You have claws for feet.


Message History

Casting: Flame Tongue
Confirm with . or Enter, or press ? or * to list all spells.
Aiming: Flame Tongue
Press: ? - help, Shift-Dir - straight line, f/p - Crazy Yiuf
Aim: Crazy Yiuf, wielding a quarterstaff of chaos and wearing a cloak (moderately wounded)
You miscast Flame Tongue.
You are very lightly contaminated with residual magic.
Nothing appears to happen.
Crazy Yiuf says, "I'm not crazy!"
Crazy Yiuf hits you with a quarterstaff of chaos!
* * * LOW HITPOINT WARNING * * *
Casting: Flame Tongue
Confirm with . or Enter, or press ? or * to list all spells.
Aiming: Flame Tongue
Press: ? - help, Shift-Dir - straight line, f/p - Crazy Yiuf
Aim: Crazy Yiuf, wielding a quarterstaff of chaos and wearing a cloak (moderately wounded)
The flame hits Crazy Yiuf.
Crazy Yiuf is severely wounded.
Crazy Yiuf hits you with a quarterstaff of chaos.
You die...

##......# #.##.#.#
#.....#
##.....###.......#..#
. ##.#......###
##..#. #......#.###
.. #.#.####...## ..
##### #.....##....#
....# #.######+..+#
###.# #.# #....#
###.### #.#### #@.ff#
#.....# #....# #gff##
#.###.#####..# ##.##
#. #........# #.## #
#.....##.# ##.#
#.>...###....# #.##
###.### ####.# ##.#
#. .# #.# # .# ...


You could see Crazy Yiuf.

Vanquished Creatures
  An adder (D:2)
  4 giant geckos
  8 goblins
  2 hobgoblins
  6 bats (D:1)
  3 giant newts (D:1)
  3 jackals (D:2)
  2 kobolds (D:1)
  4 rats (D:1)
33 creatures vanquished.

Notes
Turn   | Place    | Note
--------------------------------------------------------------
     0 | D:1      | Kae, the Tengu Fire Elementalist, began the quest for the Orb.
     0 | D:1      | Reached XP level 1. HP: 10/10 MP: 3/3
   350 | D:1      | Reached XP level 2. HP: 15/15 MP: 3/5
   726 | D:2      | Learned a level 2 spell: Throw Flame
   751 | D:2      | Reached XP level 3. HP: 16/19 MP: 4/7
   893 | D:2      | Noticed Sigmund
  1396 | D:2      | Noticed Crazy Yiuf
  1407 | D:2      | Slain by Crazy Yiuf

Action                   || total
-------------------------++-------
Melee: Unarmed           ||    36
 Cast: Flame Tongue      ||    38
